 Dungeon Crawl Stone Soup version 0.25-a0-713-g4845790874 (webtiles) character file.

Game seed: 8993827445672852882, levelgen mode: deterministic

68 mortelune the Skirmisher (level 4, -1/37 HPs)
             Began as a Formicid Abyssal Knight on Apr 5, 2020.
             Was a Follower of Lugonu.
             Slain by a goblin
             ... wielding a +0 dagger of electrocution
              (20 damage)
             ... on level 2 of the Dungeon.
             The game lasted 00:03:52 (2258 turns).

mortelune the Skirmisher (Formicid Abyssal Knight)  Turns: 2258, Time: 00:03:53

Health: -1/37      AC:  5    Str: 17    XL:     4   Next: 41%
Magic:  6/6        EV: 10    Int: 12    God:    Lugonu [*.....]
Gold:   52         SH:  0    Dex: 10    Spells: 3/3 levels left

rFire    . . .     SeeInvis +   a - +1 mace
rCold    . . .     Gourm    .   (no shield)
rNeg     . . .     Faith    .   d - +0 ring mail
rPois    .         Spirit   .   (helmet unavailable)
rElec    .         Reflect  .   (no cloak)
rCorr    .         Harm     .   (no gloves)
MR       .....                  (no boots)
Stlth    ..........             (no amulet)
HPRegen  0.12/turn              (no ring)
MPRegen  0.10/turn              (no ring)

@: no status effects
A: permanent stasis, dig shafts and tunnels, four strong arms, antennae 3
a: Dig, Shaft Self, Depart the Abyss, Renounce Religion


You were on level 2 of the Dungeon.
You worshipped Lugonu.
Lugonu was aware of your devotion.
You were hungry.

You visited 1 branch of the dungeon, and saw 2 of its levels.
You visited the Abyss 1 time.

You collected 52 gold pieces.

Inventory:

Hand Weapons
 a - a +1 mace (weapon)
Missiles
 f - 118 stones (quivered)
 h - 3 javelins
Armour
 b - a +0 leather armour
 d - a +0 ring mail (worn)
Scrolls
 e - a scroll of identify
 g - 2 scrolls of fear
 i - a scroll of magic mapping {unknown}
 j - a scroll of remove curse {unknown}
 k - a scroll of immolation {unknown}
Comestibles
 c - 3 rations
 l - a chunk of flesh


   Skills:
 * Level 4.1 Fighting
 * Level 2.9 Maces & Flails
 + Level 2.6 Armour
 - Level 0.8 Dodging
 + Level 3.0 Invocations


You had 3 spell levels left.
You didn't know any spells.
Your spell library was empty.

Dungeon Overview and Level Annotations

Branches:
Dungeon (2/15)

Altars:
Fedhas


Innate Abilities, Weirdness & Mutations

You cannot be hasted, slowed, berserked, paralysed or teleported.
You can dig through walls and to a lower floor.
Your four strong arms can wield two-handed weapons with a shield.
You have a pair of large antennae on your head. (SInv)


Message History

You are feeling hungry.
The leopard gecko bites you but does no damage.
The leopard gecko barely misses you.
You closely miss the leopard gecko. The leopard gecko bites you.
You miss the leopard gecko.
The leopard gecko bites you but does no damage. x2
You barely miss the leopard gecko. The leopard gecko closely misses you.
You closely miss the leopard gecko. The leopard gecko barely misses you. x2
You hit the leopard gecko.
The leopard gecko is heavily wounded.
The leopard gecko barely misses you.
You thump the leopard gecko!
You kill the leopard gecko!
Lugonu accepts your kill. The goblin hits you but does no damage.
You are electrocuted!
You completely miss the goblin.
The goblin hits you with a +0 dagger of electrocution.
You are electrocuted!!
Ouch! That really hurt!
You die...

.##..............##.........#
...#.###..........##...<.....#
.. #.#.......###.........#
#.###........## #.........#
##.........#### #.........#
....#......# #.........#
#......†...# ##.......##
#.#.#......### ##.....##
#.........gg@# #######
.....######### ...## .##


You could see a hobgoblin and a goblin.

Vanquished Creatures
  2 adders (D:2)
  A worm (D:2)
  2 dart slugs (D:1)
  4 leopard geckos
  4 bats
  3 giant cockroaches
  4 goblins (D:1)
  3 hobgoblins (D:1)
  2 jackals
  A frilled lizard (D:1)
  4 kobolds
  10 rats
40 creatures vanquished.

Notes
Turn   | Place    | Note
-------+----------+-------------------------------------------
     0 | Abyss:1  | mortelune the Formicid Abyssal Knight began the quest for
                  | the Orb.
     0 | Abyss:1  | Reached XP level 1. HP: 18/18 MP: 2/2
    10 | Abyss:1  | Found a sparkling altar of Nemelex Xobeh.
    65 | Abyss:1  | Noticed a small abomination
    67 | D:1      | Escaped the Abyss
   341 | D:1      | Reached XP level 2. HP: 14/24 MP: 3/3
   694 | D:1      | Reached * piety under Lugonu
   999 | D:1      | Reached XP level 3. HP: 29/30 MP: 4/4
  1697 | D:2      | Found a blossoming altar of Fedhas.
  1981 | D:2      | Reached skill level 4 in Fighting
  1981 | D:2      | Reached XP level 4. HP: 33/37 MP: 6/6
  2258 | D:2      | Slain by a goblin

Levels and vault maps discovered:
D:1:      dpeg_arrival_ratfight, layout_basic
D:2:      layout_rooms, fedhas_altar_3, minmay_fractal_squares_5,
          uniq_crazy_yiuf_cottage

Skill      XL: |  1  2  3  4 |
---------------+-------------+-----
Fighting       | 4 |  4.1
Invocations    | 3 |  3.0
Maces & Flails | |  2.9
Armour         | |  2.6
Dodging        | |  0.8

Action                   |  1- 3 |  4- 6 || total
-------------------------+-------+-------++-------
Melee: Mace              |    96 |    48 ||   144
Throw: Stone             |    24 |       ||    24
Invok: Depart the Abyss  |     1 |       ||     1
 Abil: Dig               |       |     1 ||     1
  Use: Scroll            |     2 |       ||     2
  Eat: Chunk             |     3 |     1 ||     4
Armor: Ring mail         |    41 |    28 ||    69
Dodge: Dodged            |    40 |    35 ||    75

Table legend:
 A = Non-vault XP
 B = Vault XP
 C = Vault XP percentage of total XP
 D = Non-vault monster count
 E = Vault monster count
 F = Vault count percentage of total count
                 A         B        C        D         E       F
            +---------+---------+-------+---------+---------+-------
      Total |      76 |      22 |  22.4 |      32 |       8 |  20.0
            +---------+---------+-------+---------+---------+-------
        D:1 |      44 |       5 |  10.2 |      22 |       5 |  18.5
        D:2 |      32 |      17 |  34.7 |      10 |       3 |  23.1
            +---------+---------+-------+---------+---------+-------
